 Dungeon Crawl Stone Soup version 0.30-a0-737-gf23d94013f (webtiles) character file.

Game seed: 10687880333656770893

1770 Dittersdorf the Cudgeller (level 9, -2/57 HPs)
             Began as a Gargoyle Fighter on Feb 1, 2023.
             Engulfed by a steam dragon's steam (4 damage)
             ... on level 6 of the Dungeon.
             The game lasted 00:08:21 (5998 turns).

Dittersdorf the Cudgeller (Gargoyle Fighter)        Turns: 5998, Time: 00:08:22

Health: -2/57      AC: 24    Str: 27    XL:     9   Next: 7%
Magic:  9/9        EV:  8    Int:  9    God:
Gold:   219        SH:  6    Dex:  9    Spells: 8/8 levels left

rFire   . . .      SeeInvis .    a - +1 flail (elec)
rCold   . . .      Faith    .    c - +1 buckler
rNeg    + . .      Spirit   .    y - +0 chain mail
rPois   ∞          Reflect  .    l - +2 helmet
rElec   +          Harm     .    (no cloak)
rCorr   .          Rampage  .    t - +2 pair of gloves
Will    +....                    o - +0 pair of boots Stlth
                                 (no amulet)
HPRegen 0.29/turn                b - ring "Xoema" {Wiz Str+3}
MPRegen 0.11/turn                m - ring of willpower

@: studying Maces & Flails
A: sickness immunity, AC +6, negative energy resistance 1, electricity
resistance, torment resistance 1, petrification resistance
a: no special abilities


You were on level 6 of the Dungeon.
You visited 1 branch of the dungeon, and saw 6 of its levels.
You also visited: Sewer.

You collected 219 gold pieces.

Inventory:

Hand Weapons
 a - a +1 flail of electrocution (weapon)
Missiles
 h - a curare-tipped dart (quivered)
Armour
 c - a +1 buckler (worn)
 l - a +2 helmet (worn)
 o - a +0 pair of boots (worn)
 t - a +2 pair of gloves (worn)
 y - a +0 chain mail (worn)
Jewellery
 b - the ring "Xoema" (left hand) {Wiz Str+3}
   (You found it on level 3 of the Dungeon)

   [ring of wizardry]

   It improves your spell success rate.
   Str:       It affects your strength (+3).
 m - a ring of willpower (right hand)
Wands
 i - a wand of iceblast (10)
 v - a wand of light (13)
Scrolls
 e - 6 scrolls of teleportation
 f - 2 scrolls of brand weapon
 r - a scroll of enchant weapon
 s - a scroll of fear
 u - a scroll of blinking
Potions
 d - 6 potions of might
 g - 2 potions of cancellation {unknown}
 j - 5 potions of flight
 k - 2 potions of mutation
 n - 2 potions of ambrosia
 p - a potion of heal wounds
 q - 2 potions of invisibility
 x - 3 potions of brilliance
 z - 3 potions of curing


   Skills:
 + Level 7.0 Fighting
 + Level 7.8 Maces & Flails
 + Level 7.0 Armour
 + Level 7.0 Shields


You had 8 spell levels left.
You didn't know any spells.
Your spell library contained the following spells:

 Spells                   Type           Power      Damage    Failure   Level
 Ensorcelled Hibernation  Hex/Ice        0%         N/A       82%         2
 Spider Form              Tmut/Pois      0%         N/A       95%         3
 Summon Guardian Golem    Hex/Summ       0%         N/A       95%         3
 Anguish                  Hex/Necr       0%         N/A       100%        4
 Orb of Destruction       Conj           0%         9d5       100%        7
 Spellforged Servitor     Conj/Summ      0%         N/A       100%        7


Dungeon Overview and Level Annotations

Branches:
Dungeon (6/15)              Sewer (visited)
 Temple: D:4-7

Altars:
Ashenzari
Cheibriados
Elyvilon
Yredelemnul
The Shining One

Shops:
D:1 [   D:2 [(   D:6 (?(=


Innate Abilities, Weirdness & Mutations

You are immune to sickness and miasma.
Your stone body is resilient. (AC +6)
You are immune to poison.
You resist negative energy. (rN+)
You are resistant to electric shocks. (rElec)
You are resistant to unholy torment.
You are immune to petrification.


Message History

The steam dragon barely misses you. You block the gnoll's attack.
The iguana hisses angrily.
You sock the gnoll!
You kill the gnoll!
The gnoll hits you but does no damage. The steam dragon bites you.
The steam dragon claws you but does no damage.
The gnoll hits you but does no damage.
You hit the iguana but do no damage.
The iguana is severely wounded.
The centaur shoots an arrow.
The arrow hits you but does no damage. The gnoll hits you but does no damage.
The steam dragon bites you.
The steam dragon claws you but does no damage.
The iguana bites you but does no damage.
The gnoll completely misses you.
The centaur shoots an arrow.
The arrow hits you but does no damage.
You hit the iguana. Lightning courses through the iguana!!
You kill the iguana!
The gnoll is no longer moving quickly.
You block the gnoll's attack.
The centaur shoots an arrow.
The arrow hits you but does no damage. The steam dragon breathes steam at you.
The ball of steam hits you! You block the gnoll's attack.
You are too injured to fight recklessly!
You are too injured to fight recklessly!
You are too injured to fight recklessly!
You are too injured to fight recklessly!
You are too injured to fight recklessly!
You are too injured to fight recklessly!
You are too injured to fight recklessly!
You are too injured to fight recklessly!
You are too injured to fight recklessly!
You are too injured to fight recklessly!
You hit the steam dragon.
The steam dragon is lightly wounded.
The steam dragon breathes steam at you. The ball of steam hits you!!
* * * LOW HITPOINT WARNING * * *
You sock the steam dragon!
The steam dragon is heavily wounded.
You are engulfed in a cloud of scalding steam.
You die...

###.##......# #
#.#......#...#
#.#..........#
#....#########
###+#......##
#.'∩'.........
#.#'#......###
#.§...........
##@#.......###
#D#.......#
#g#..)....#
#'#########
#≈≈≈≈≈≈g≈≈≈≈≈≈#
#≈≈≈≈.cl).≈≈≈≈#
#≈≈≈.c.....≈≈≈#
#≈≈....#....≈≈#
#≈...## ##...≈#


You could see a steam dragon (catching breath), a centaur, an iguana and 2
gnolls.

Vanquished Creatures
  A water moccasin (D:5)
  An ice beast (D:5)
  A black bear (D:6)
  An orc warrior (D:2)
  A centaur (D:5)
  7 kobold brigands (Sewer)
  A phantom (D:4)
  A bullfrog (D:6)
  A gnoll sergeant (D:5)
  A scorpion (D:5)
  A hound (D:5)
  An orc priest (D:3)
  5 iguanas
  An orc wizard (D:5)
  10 gnolls
  17 adders
  2 river rats (Sewer)
  3 worms
  3 dart slugs
  4 orcs
  A bat (D:2)
  8 endoplasms
  7 giant cockroaches
  7 goblins
  8 hobgoblins
  4 jackals (D:5)
  9 kobolds
  7 quokkas
  12 ball pythons
  3 frilled lizards
  12 rats
141 creatures vanquished.

Vanquished Creatures (others)
  A hound (D:6)
  A gnoll bouda (D:6)
  A gnoll (D:6)
  A shadow imp (D:6)
  A fungus (D:2)
5 creatures vanquished.

Grand Total: 146 creatures vanquished

Notes
Turn   | Place    | Note
-------+----------+-------------------------------------------
     0 | D:1      | Dittersdorf the Gargoyle Fighter began the quest for the
                  | Orb.
     0 | D:1      | Reached XP level 1. HP: 14/14 MP: 1/1
   180 | D:1      | Reached XP level 2. HP: 19/19 MP: 2/2
   388 | D:1      | Found Bysepuif's Armour Shop.
   562 | D:1      | Reached XP level 3. HP: 19/23 MP: 3/3
   815 | D:2      | Found Buyleum's Weapon Shop.
  1031 | D:2      | Found a faded altar of an unknown god.
  1167 | D:2      | Found Plog's Antique Armour Shoppe.
  1176 | D:2      | Reached XP level 4. HP: 29/29 MP: 4/4
  1668 | D:3      | Found a white marble altar of Elyvilon.
  1964 | D:3      | Noticed an orc warrior
  2073 | D:2      | Killed an orc warrior
  2074 | D:2      | Reached XP level 5. HP: 7/34 MP: 5/5
  2458 | D:3      | Found a broken altar of Ashenzari.
  2461 | D:3      | Identified the ring "Xoema" {Wiz Str+3}
  2639 | D:4      | Identified a scroll of acquirement
  2639 | D:4      | Acquired a manual of Maces & Flails
  2780 | D:4      | Noticed a phantom
  2784 | D:4      | Killed a phantom
  2785 | D:4      | Reached XP level 6. HP: 39/39 MP: 6/6
  3848 | D:5      | Entered Level 5 of the Dungeon
  3873 | D:5      | Reached skill level 5 in Fighting
  3873 | D:5      | Reached skill level 5 in Armour
  3873 | D:5      | Reached skill level 5 in Shields
  3875 | D:5      | HP: 1/40 [gnoll/+0 flail[a gnoll sergeant] (13)]
  4008 | D:5      | Reached XP level 7. HP: 40/44 MP: 7/7
  4078 | D:5      | Found a glowing drain.
  4117 | Sewer    | Entered a sewer
  4287 | Sewer    | Reached skill level 5 in Maces & Flails
  4803 | Sewer    | Reached XP level 8. HP: 44/51 MP: 8/8
  5600 | D:5      | Found a snail-covered altar of Cheibriados.
  5701 | D:5      | Found a basalt altar of Yredelemnul.
  5703 | D:5      | Noticed a profane servitor
  5713 | D:5      | Found a glowing golden altar of the Shining One.
  5715 | D:5      | Noticed an angel
  5780 | D:6      | Found Caonni Bite's Jewellery Shoppe.
  5801 | D:6      | Found Myciarha's Antique Weapon Shoppe.
  5877 | D:6      | Reached XP level 9. HP: 56/56 MP: 9/9
  5895 | D:6      | Found Cuuggum's Magic Scroll Shoppe.
  5964 | D:6      | Found Toquy's Antique Weapon Boutique.
  5997 | D:6      | HP: 2/57 [steam dragon/ball of steam (19)]
  5998 | D:6      | Engulfed by a steam dragon's steam

Illustrated notes

Levels and vault maps discovered:
D:1:      dpeg_arrival_short_road, layout_basic, serial_shops,
          nicolae_shop_trees
D:2:      layout_loops_ring, serial_shops, nicolae_shop_hallway_plus,
          shop_statue, shapermc_ecumenical_altar_ellora
D:3:      layout_loops_corners, elyvilon_altar_4, lemuel_crystal_altar
D:4:      layout_basic, st_stairs_2, minmay_snake_closets
D:5:      layout_basic, grunt_temple_overflow_holy_war, slow_altar_1,
          portal_sewer_entry_f
D:6:      layout_loops_ring, marbit_many_paths, lemuel_tele_altar,
          minmay_temple_entry_poolview, serial_shops, nicolae_lakefront_shop,
          nicolae_shop_statue_plus, nicolae_shop_advertising_works
          [nicolae_subvault_shop_adworks], nicolae_shop_behind_doors, shop,
          kb_lookout_dungeons_type, kennysheep_generic_room_2, uniq_edmund

Skill      XL: |  1  2  3  4  5  6  7  8  9 |
---------------+----------------------------+-----
Armour         | 4 5 6 7 |  7.0
Shields        | 4 5 6 7 |  7.0
Fighting       | 4 5 6 7 |  7.0
Maces & Flails | 3 4 5 7 |  7.8

Action                     |  1- 3 |  4- 6 |  7- 9 || total
---------------------------+-------+-------+-------++-------
  Melee: Flail             |   104 |   193 |   272 ||   569
    Use: Scroll            |       |    20 |     1 ||    21
 Armour: Scale mail        |    33 |    55 |       ||    88
         Chain mail        |       |    60 |   176 ||   236
  Dodge: Dodged            |    40 |    99 |   111 ||   250
  Block: Buckler           |    19 |    39 |    74 ||   132

Table legend: (Time is in decaauts)
 A = Elapsed time spent in this place.
 B = Non-inter-level travel time spent in this place.
 C = Inter-level travel time spent in this place.
 D = Time resting spent in this place.
 E = Time spent auto-exploring this place.
 F = Levels seen in this place.
 G = Mean time per level.
                   A        B        C        D        E       F      G
               +--------+--------+--------+--------+--------+-----+--------+
         Total |   6287 |   5958 |    329 |    391 |   4128 |   7 |  898.1 |
       Dungeon |   5218 |   4889 |    329 |    391 |   3370 |   6 |  869.7 |
         Sewer |   1069 |   1069 |      0 |      0 |    758 |   1 | 1069.0 |
               +--------+--------+--------+--------+--------+-----+--------+

Top non-repeatable levels by time:
     D:4: 1259 daAuts
   Sewer: 1069 daAuts
     D:2: 1011 daAuts
     D:5: 1010 daAuts
     D:3: 867 daAuts
     D:1: 839 daAuts
     D:6: 230 daAuts
